 Dungeon Crawl Stone Soup version 0.27-a0-828-g8289197e94 (webtiles) character file.

Game seed: 9916070179173874831

3 dickylongcocking the Magician (level 1, -2/15 HPs)
             Began as a Djinni Summoner on Mar 30, 2021.
             Killed by Freeze
             ... generated by an endoplasm
              (7 damage)
             ... on level 1 of the Dungeon.
             The game lasted 00:00:15 (254 turns).

dickylongcocking the Magician (Djinni Summoner)      Turns: 254, Time: 00:00:15

Health: -2/15      AC:  2    Str:  7    XL:     1   Next: 50%
Gold:   0          EV: 12    Int: 16    God:
                   SH:  0    Dex: 13

rFire    + + .     SeeInvis .   (no weapon)
rCold    x . .     Faith    .   (no shield)
rNeg     . . .     Spirit   .   a - +0 robe
rPois    ∞         Reflect  .   (no helmet)
rElec    .         Harm     .   (no cloak)
rCorr    .         Rampage  .   (no gloves)
Will     .....                  (boots unavailable)
Stlth    ++........             (no amulet)
HPRegen  0.05/turn              (no ring)
MPRegen  0.00/turn              (no ring)

@: flying
A: fire resistance 2, cold vulnerability 1, float, innate caster, hp casting,
extra vitality 1
a: no special abilities


You were on level 1 of the Dungeon.
You visited 1 branch of the dungeon, and saw 1 of its levels.

Inventory:

Armour
 a - a +0 robe (worn)


   Skills:
 + Level 2.1 Dodging
 + Level 1.5 Stealth
 + Level 3.7 Spellcasting


You couldn't memorise any spells.
You knew the following spells:

 Your Spells              Type           Power      Damage    Failure   Level
a - Summon Small Mammal   Summ           60%        N/A       3%          1
b - Call Imp              Summ           15%        N/A       5%          2
c - Call Canine Familiar  Summ           15%        N/A       11%         3
d - Summon Guardian Gole  Hex/Summ       15%        N/A       11%         3
e - Summon Lightning Spi  Summ/Air       15%        N/A       36%         4
f - Summon Ice Beast      Ice/Summ       15%        N/A       36%         4
Your spell library was empty.

Dungeon Overview and Level Annotations

Branches:
Dungeon (1/15)

Altars:


Innate Abilities, Weirdness & Mutations

You are immune to poison.
Your flesh is very heat resistant. (rF++)
You are vulnerable to cold. (rC-)
You float through the air rather than walking.
You learn spells naturally, not from books.
Your magical power is your life essence.
You have superior vitality. (+4 HP)


Message History

The jackal closely misses your quokka.
Your quokka barely misses the jackal.
The jackal bites your quokka.
Your quokka completely misses the jackal.
The jackal barely misses your quokka.
Your quokka barely misses the jackal.
The jackal barely misses your quokka.
You swap places.
Your quokka bites the jackal.
The jackal closely misses your quokka.
You swap places.
The jackal bites you. The jackal closely misses you.
You hit the jackal.
The jackal is severely wounded.
The jackal barely misses you.
You miss the jackal.
The jackal is severely wounded.
The jackal barely misses you.
The jackal bites you but does no damage.
You hit the jackal.
You kill the jackal!
Items here: ††††.
Your quokka disappears in a puff of smoke!
Your bat disappears in a puff of smoke!
Your bat disappears in a puff of smoke!
An endoplasm comes into view.
An endoplasm is nearby!
You barely miss the endoplasm.
The endoplasm quivers.
The endoplasm freezes you.
You are frozen.
An endoplasm is nearby!
You hit the endoplasm but do no damage. The endoplasm freezes you.
You are frozen.
You feel a terrible chill!
An endoplasm is nearby!
You hit the endoplasm but do no damage. The endoplasm freezes you.
You are frozen.
You feel a terrible chill!
Casting: Summon Small Mammal (safe; 3% risk of failure)
Confirm with . or Enter, or press ? or * to list all spells.
The endoplasm freezes you.
You are frozen!
You feel a terrible chill!
You die...

#..# ##...
###...# .....#
....### .....
#J.# #@.#
##.###.r######.#
..............#.
#######.######.#
#.# .# #.# ##.#
#.# #..#
#.#####.#
#...†...#


You could see an endoplasm (ally target) and a friendly quokka (summoned).

Vanquished Creatures
  A jackal (D:1)
1 creature vanquished.

Vanquished Creatures (collateral kills)
  3 jackals (D:1)
3 creatures vanquished.

Grand Total: 4 creatures vanquished

Notes
Turn   | Place    | Note
-------+----------+-------------------------------------------
     0 | D:1      | dickylongcocking the Djinni Summoner began the quest for
                  | the Orb.
     0 | D:1      | Reached XP level 1. HP: 15/15 MP: 0/0
   254 | D:1      | Killed from afar by an endoplasm

Illustrated notes

Levels and vault maps discovered:
D:1:      lightli_arrival_boilingwater, layout_loops_ring, serial_shops,
          nicolae_shop_waterfront

Action                   || total
-------------------------++-------
Melee: Unarmed           ||     6
 Cast: Summon Small Mamm ||    10
Armor: Robe              ||     1
Dodge: Dodged            ||     3

Table legend: (Time is in decaauts)
 A = Elapsed time spent in this place.
 B = Non-inter-level travel time spent in this place.
 C = Inter-level travel time spent in this place.
 D = Time resting spent in this place.
 E = Time spent auto-exploring this place.
 F = Levels seen in this place.
 G = Mean time per level.
                   A        B        C        D        E       F      G
               +--------+--------+--------+--------+--------+-----+--------+
         Total |    254 |    254 |      0 |      0 |    206 |   1 |  254.0 |
       Dungeon |    254 |    254 |      0 |      0 |    206 |   1 |  254.0 |
               +--------+--------+--------+--------+--------+-----+--------+

Top non-repeatable levels by time:
     D:1: 254 daAuts
